 Dungeon Sprint DCSS version 0.27-a0-103-g6cd7b45605 (webtiles) character file.

Game seed: 10815917118411221096

4593 mhtbhm the Bludgeoner (level 10, -21/104 HPs)
             Began as a Minotaur Monk on Jan 23, 2021.
             Was an Initiate of Gozag.
             Killed from afar by a lindwurm (35 damage)
             ... with a blast of flame
             ... in the Dungeon (Sprint IX: "|||||||||||||||||||||||||||||").
             The game lasted 00:01:43 (1197 turns).

mhtbhm the Bludgeoner (Minotaur Monk)               Turns: 1197, Time: 00:01:45

Health: -21/104    AC: 19    Str: 21    XL:     10   Next: 18%
Magic:  9/9        EV: 16    Int:  7    God:    Gozag
Gold:   2554       SH:  0    Dex: 14    Spells: 9/9 levels left

rFire    . . .     SeeInvis +   a - +2 dire flail (protect)
rCold    . . .     Faith    .   (shield currently unavailable)
rNeg     . . .     Spirit   .   b - +1 scale mail
rPois    .         Reflect  .   p - +0 mask of the Dragon {Will+ Slay+3 SInv}
rElec    .         Harm     .   (no cloak)
rCorr    .         Rampage  .   (no gloves)
Will     +....     NoTele   +   l - +0 pair of boots
Stlth    +.........             (no amulet)
HPRegen  0.27/turn              m - +3 ring of strength
MPRegen  0.11/turn              n - +2 ring of protection

@: gold aura, protection aura
A: retaliatory headbutt, horns 2
a: Renounce Religion, Potion Petition, Call Merchant, Bribe Branch


You were in the Dungeon.
You worshipped Gozag.
Gozag was most pleased with you.
You visited 1 branch You collected 2554 gold pieces.

Inventory:

Hand Weapons
 a - a +2 dire flail of protection (weapon)
Armour
 b - a +1 scale mail (worn)
 l - a +0 pair of boots (worn)
 p - the +0 mask of the Dragon (worn) {Will+ Slay+3 SInv}
   (You found it in the Dungeon)

   It affects your accuracy and damage with ranged weapons and melee attacks
   (+3).
   It affects your willpower, your defense against some magical effects.
   It lets you see invisible.
Jewellery
 m - a +3 ring of strength (left hand)
 n - a +2 ring of protection (right hand)
Wands
 k - a wand of acid (10)
Scrolls
 h - 3 scrolls of blinking
 i - 4 scrolls of remove curse
 j - 2 scrolls of amnesia
 q - a scroll of fear
 r - 2 scrolls of identify
Potions
 c - 8 potions of curing
 d - 4 potions of heal wounds
 e - a potion of haste
 f - 4 potions of magic
 g - a potion of invisibility
 o - a potion of might


   Skills:
 + Level 14.9 Fighting
 + Level 18.0 Maces & Flails
 + Level 9.3 Armour
 + Level 10.8 Dodging
 + Level 4.6 Stealth


You had 9 spell levels left.
You didn't know any spells.
Your spell library was empty.

Dungeon Overview and Level Annotations

Branches:
Dungeon (1/1)

Altars:
Cheibriados
Dithmenos
Elyvilon
Fedhas
Gozag
Hepliaklqana
Kikubaaqudgha
Makhleb
Nemelex Xobeh
Okawaru
Qazlal
Ru
Sif Muna
Trog
Uskayaw
Vehumet
Wu Jian
Xom
Yredelemnul
Zin
The Shining One
Beogh
Jiyva
Lugonu


Innate Abilities, Weirdness & Mutations

You reflexively headbutt those who attack you in melee.
You have a pair of horns on your head.


Message History

You puncture the lindwurm! Your headbutt misses the lindwurm.
The lindwurm is moderately wounded.
The lindwurm becomes distracted by the nearby gold, dreaming of imaginary riches.
You puncture the lindwurm!
The lindwurm is no longer distracted by gold.
The lindwurm is heavily wounded.
The worm becomes distracted by the nearby gold, dreaming of imaginary riches.
You hit the lindwurm.
The lindwurm is heavily wounded.
The lindwurm bites you!
* * * LOW HITPOINT WARNING * * *
The lindwurm completely misses you. The lindwurm barely misses you.
Unknown command.
You sock the lindwurm! You headbutt the lindwurm!
The lindwurm is almost dead.
The worm is no longer distracted by gold.
The lindwurm breathes flames at you. The blast of flame hits you!!
You die...
Your body crumbles into a pile of gold.

$
▓.▓.▓_▓
$
▓.▓.▓_▓
$
▓.▓.▓_▓
$
▓.▓.▓_▓
$
▓.▓.▓_▓
$
▓.▓.▓_▓
$
▓.▓.▓_▓
▓.▓.▓_▓
$
▓@▓.▓'▓
$
▓k▓.▓.▓
$
▓w▓.▓.▓
$
▓k▓.▓)▓
$
▓.▓.▓)▓
▓w▓.▓.▓
$
▓w▓.▓[▓
▓.▓.▓[▓
$ ▓.▓.▓


You could see 2 lindwurms and 3 worms.

Vanquished Creatures
  2 lindwurms (D)
  4 cane toads (D)
  2 komodo dragons (D)
  A tyrant leech (D)
  2 wyverns (D)
  A basilisk (D)
  2 yaks (D)
  A vampire mosquito (D)
  A water moccasin (D)
  An acid dragon (D)
  An orc warrior (D)
  A sky beast (D)
  A centaur (D)
  5 bullfrogs (D)
  An orc wizard (D)
  2 iguanas (D)
  2 hell rats (D)
  3 worker ants (D)
  A white imp (D)
  An adder zombie (D)
  2 orcs (D)
  2 bats (D)
  2 giant cockroaches (D)
  A goblin (D)
  A leopard gecko skeleton (D)
43 creatures vanquished.

Notes
Turn   | Place    | Note
-------+----------+-------------------------------------------
     0 | D        | mhtbhm the Minotaur Monk began the quest for the Orb.
     0 | D        | Reached XP level 1. HP: 19/19 MP: 0/0
    10 | D        | Reached skill level 4 in Maces & Flails
    22 | D        | Noticed an orc wizard
    22 | D        | Noticed an iguana
    27 | D        | Killed an orc wizard
    28 | D        | Reached skill level 5 in Fighting
    28 | D        | Reached skill level 5 in Maces & Flails
    28 | D        | Reached XP level 2. HP: 18/29 MP: 1/1
    28 | D        | Reached XP level 3. HP: 22/36 MP: 2/2
    36 | D        | Reached skill level 6 in Maces & Flails
    36 | D        | Reached skill level 5 in Dodging
    41 | D        | Reached XP level 4. HP: 23/45 MP: 3/3
    48 | D        | Found a roughly hewn altar of Beogh.
    48 | D        | Found a snail-covered altar of Cheibriados.
    48 | D        | Found a shadowy altar of Dithmenos.
    48 | D        | Found a white marble altar of Elyvilon.
    48 | D        | Found a blossoming altar of Fedhas.
    48 | D        | Found an opulent altar of Gozag.
    49 | D        | Found a hazy altar of Hepliaklqana.
    50 | D        | Found a viscous altar of Jiyva.
    51 | D        | Found an ancient bone altar of Kikubaaqudgha.
    52 | D        | Found a corrupted altar of Lugonu.
    53 | D        | Found a burning altar of Makhleb.
    54 | D        | Found a sparkling altar of Nemelex Xobeh.
    55 | D        | Found an iron altar of Okawaru.
    56 | D        | Found a stormy altar of Qazlal.
    57 | D        | Found a sacrificial altar of Ru.
    58 | D        | Found a shimmering blue altar of Sif Muna.
    59 | D        | Found a bloodstained altar of Trog.
    60 | D        | Found a hide-covered altar of Uskayaw.
    61 | D        | Found a radiant altar of Vehumet.
    62 | D        | Found an ornate altar of the Wu Jian Council.
    63 | D        | Found a shimmering altar of Xom.
    64 | D        | Found a basalt altar of Yredelemnul.
    65 | D        | Found a glowing silver altar of Zin.
    66 | D        | Found a glowing golden altar of the Shining One.
    86 | D        | Became a worshipper of Gozag Ym Sagoz the Greedy
   231 | D        | Noticed a yak
   231 | D        | Noticed an orc warrior
   231 | D        | Noticed a centaur
   234 | D        | Killed a yak
   235 | D        | Reached skill level 9 in Maces & Flails
   235 | D        | Reached XP level 5. HP: 56/56 MP: 4/4
   240 | D        | Reached skill level 10 in Maces & Flails
   246 | D        | Killed an orc warrior
   247 | D        | Reached skill level 11 in Maces & Flails
   247 | D        | Reached XP level 6. HP: 48/64 MP: 5/5
   251 | D        | Reached skill level 10 in Fighting
   326 | D        | Noticed a vampire mosquito
   326 | D        | Noticed an acid dragon
   326 | D        | Noticed a sky beast
   335 | D        | Killed a vampire mosquito
   336 | D        | Reached skill level 12 in Maces & Flails
   336 | D        | Reached skill level 1 in Armour
   336 | D        | Reached XP level 7. HP: 57/73 MP: 6/6
   348 | D        | Reached skill level 13 in Maces & Flails
   537 | D        | Found the +0 mask of the Dragon {Will+ Slay+3 SInv}
   567 | D        | Noticed a cane toad
   567 | D        | Noticed a komodo dragon
   567 | D        | Noticed a yak
   567 | D        | Noticed a wyvern
   567 | D        | Noticed a cane toad
   571 | D        | Noticed a wyvern
   571 | D        | Killed a cane toad
   572 | D        | Reached skill level 14 in Maces & Flails
   572 | D        | Reached XP level 8. HP: 75/83 MP: 7/7
   582 | D        | Killed a komodo dragon
   592 | D        | Reached skill level 15 in Maces & Flails
   603 | D        | Killed a cane toad
   604 | D        | Reached skill level 5 in Armour
   604 | D        | Reached skill level 10 in Dodging
   604 | D        | Reached XP level 9. HP: 35/92 MP: 8/8
   606 | D        | Reached skill level 16 in Maces & Flails
   871 | D        | Noticed a komodo dragon
   871 | D        | Noticed a cane toad
   876 | D        | Noticed a cane toad
   887 | D        | Killed a komodo dragon
   895 | D        | Killed a cane toad
   896 | D        | Reached skill level 17 in Maces & Flails
   904 | D        | Killed a cane toad
  1167 | D        | Noticed a lindwurm
  1167 | D        | Noticed a tyrant leech
  1167 | D        | Noticed a lindwurm
  1167 | D        | Noticed a lindwurm
  1167 | D        | Noticed a lindwurm
  1174 | D        | Killed a lindwurm
  1175 | D        | Reached XP level 10. HP: 104/104 MP: 9/9
  1192 | D        | Killed a lindwurm
  1193 | D        | Reached skill level 18 in Maces & Flails
  1197 | D        | Killed from afar by a lindwurm

Illustrated notes

Levels and vault maps discovered:
D:        linesprint [early_d, line_temple, items_1, d_10, items_2, lair_1,
          lair_end, items_3, orc_1, orc_end, items_4, d_15, swamp_1, shoals_1,
          snake_1, spider_1, d_20, vaults_1, items_5, swamp_end, shoals_end,
          snake_end, spider_end, vaults_end, d_27, items_6, zot_1, zot_end,
          crypt_end, forest_end, elf_end, slime_end, tomb_end, abyss_end,
          pan_hell_end]

Skill      XL: |  1  2  3  4  5  6  7  8  9 10 |
---------------+-------------------------------+-----
Fighting       | 5 6 8 9 10 11 12 14 | 14.9
Maces & Flails | 5 6 9 11 12 14 15 17 18 | 18.0
Dodging        | 4 5 6 7 8 9 10 | 10.8
Stealth        | 2 3 4 |  4.6
Armour         | 1 2 5 8 9 |  9.3

Action                   |  1- 3 |  4- 6 |  7- 9 | 10-12 || total
-------------------------+-------+-------+-------+-------++-------
Melee: Mace              |    26 |     2 |       |       ||    28
       Headbutt          |     5 |    10 |    23 |     4 ||    42
       Dire flail        |       |    26 |    96 |    21 ||   143
  Use: Potion            |     1 |       |       |     1 ||     2
 Stab: Distracted        |       |       |     2 |       ||     2
Armor: Robe              |     5 |       |       |       ||     5
       Scale mail        |       |     9 |    16 |     2 ||    27
Dodge: Dodged            |    18 |    13 |    41 |     9 ||    81

Table legend: (Time is in decaauts)
 A = Elapsed time spent in this place.
 B = Non-inter-level travel time spent in this place.
 C = Inter-level travel time spent in this place.
 D = Time resting spent in this place.
 E = Time spent auto-exploring this place.
 F = Levels seen in this place.
 G = Mean time per level.
                   A        B        C        D        E       F      G
               +--------+--------+--------+--------+--------+-----+--------+
         Total |   1156 |   1156 |      0 |    615 |    163 |   1 | 1156.0 |
       Dungeon |   1156 |   1156 |      0 |    615 |    163 |   1 | 1156.0 |
               +--------+--------+--------+--------+--------+-----+--------+

Top non-repeatable levels by time:
       D: 1156 daAuts
